 Dungeon Crawl Stone Soup version 0.27-a0-1529-g1e82c303ef (webtiles) character file.

Game seed: 2795182977937314628

164 flotson the Sneak (level 5, 0/33 HPs)
             Began as a Gargoyle Delver on July 11, 2021.
             Was an Initiate of Gozag.
             Slain by a worm (8 damage)
             ... on level 4 of the Dungeon.
             The game lasted 00:07:25 (4278 turns).

flotson the Sneak (Gargoyle Delver)                 Turns: 4278, Time: 00:07:25

Health: 0/33       AC: 11    Str: 16    XL:     5   Next: 45%
Magic:  5/5        EV: 10    Int: 11    God:    Gozag
Gold:   270        SH:  0    Dex: 11    Spells: 4/4 levels left

rFire    . . .     SeeInvis .   a - +2 dagger (protect)
rCold    . . .     Faith    .   (no shield)
rNeg     + . .     Spirit   .   q - +0 scale mail
rPois    ∞         Reflect  .   (no helmet)
rElec    +         Harm     .   (no cloak)
rCorr    .         Rampage  .   p - +0 pair of gloves
Will     .....                  (no boots)
Stlth    +.........             (no amulet)
HPRegen  0.11/turn              (no ring)
MPRegen  0.09/turn              (no ring)

@: no status effects
A: sickness immunity, AC +4, negative energy resistance 1, electricity
resistance, torment resistance 1, petrification resistance
a: Renounce Religion, Potion Petition, Call Merchant, Bribe Branch


You were on level 4 of the Dungeon.
You worshipped Gozag.
Gozag was aware of your devotion.
You visited 2 branches of the dungeon, and saw 6 of its levels.

You collected 497 gold pieces.
You spent 208 gold pieces at shops.
You paid 19 gold pieces to Gozag.

Inventory:

Hand Weapons
 a - a +2 dagger of protection (weapon)
 b - a +0 hand crossbow
 z - a +0 hand axe
Missiles
 j - 6 datura-tipped darts
 m - 45 poisoned darts (quivered)
 y - 11 bolts
Armour
 p - a +0 pair of gloves (worn)
 q - a +0 scale mail (worn)
Jewellery
 h - a ring of magical power
Wands
 g - a wand of digging (3)
Scrolls
 c - 2 scrolls of fog
 d - a scroll of magic mapping
 e - a scroll of fear
 i - a scroll of amnesia {unknown}
 o - 5 scrolls of identify {unknown}
 r - a scroll of teleportation {unknown}
 v - 2 scrolls of immolation {unknown}
 w - a scroll of noise {unknown}
 x - a scroll of summoning {unknown}
Potions
 f - 2 potions of haste
 k - a potion of heal wounds
 l - 2 potions of lignification {unknown}
 n - 3 potions of cancellation {unknown}
 s - a potion of curing
 t - a potion of brilliance {unknown}
 u - a potion of degeneration {unknown}
 A - a potion of resistance {unknown}


   Skills:
 + Level 4.1 Fighting
 + Level 2.6 Axes
 + Level 1.1 Crossbows
 + Level 1.1 Throwing
 + Level 2.1 Armour
 + Level 2.3 Dodging
 - Level 5.4 Stealth
 + Level 0.9 Evocations


You had 4 spell levels left.
You didn't know any spells.
Your spell library contained the following spells:

 Spells                   Type           Power      Damage    Failure   Level
 Stone Arrow              Conj/Erth      0%         3d7       98%         3
 Animate Armour           Summ/Erth      0%         N/A       100%        4
 Lehudib's Crystal Spear  Conj/Erth      0%         10d2      100%        8


Dungeon Overview and Level Annotations

Branches:
Dungeon (5/15)             Temple (1/1) D:4

Altars:
Ashenzari
Cheibriados
Dithmenos
Elyvilon
Fedhas
Gozag
Hepliaklqana
Kikubaaqudgha
Makhleb
Nemelex Xobeh
Okawaru
Qazlal
Ru
Sif Muna
Trog
Uskayaw
Vehumet
Xom
Yredelemnul
Zin

Shops:
D:1 !   D:2 (   D:4 *

Annotations:
D:5 Eustachio


Innate Abilities, Weirdness & Mutations

You are immune to sickness and miasma.
Your stone body is resilient. (AC +4)
You are immune to poison.
You resist negative energy. (rN+)
You are resistant to electric shocks. (rElec)
You are resistant to unholy torment.
You are immune to petrification.


Message History

The jackal barely misses you.
You hit the jackal.
The jackal is almost dead.
The jackal barely misses you.
You closely miss the jackal.
The jackal is almost dead.
The jackal bites you but does no damage.
You closely miss the jackal.
The jackal is almost dead.
The jackal barely misses you. x2
You hit the jackal.
You kill the jackal!
No target in view!
No target in view!
No target in view!
No target in view!
You now have 256 gold pieces (gained 10).
You now have 262 gold pieces (gained 6).
You now have 270 gold pieces (gained 8).
A - a fizzy grey potion A worm is nearby!
The jelly quivers.
You hit the worm.
Your weapon exudes an aura of protection.
The worm is lightly wounded.
The worm bites you but does no damage.
You hit the worm.
The worm is lightly wounded.
You barely miss the worm.
The worm is lightly wounded.
The jelly hits you. The acid corrodes you!
You are splashed with acid!
The worm bites you.
You completely miss the jelly. The jelly hits you. The acid corrodes you!
You are splashed with acid!
* * * LOW HITPOINT WARNING * * *
You are no longer corroded.
The worm closely misses you. The worm bites you!
You die...
Your body crumbles into a pile of gold.

####### #.....#
###########.# #.####
#...........# #.##.##
#.#####@w..<###.....####
#.# #J###.........w...
#J#####.# ###.........##
#.#.J.J.########....(##
#.#.######...........###
#....## #.#####.#.#.##.
#...|.####.# #.....##>
#...#......# ###.#.##.
#####.#...###### #.#.##.


You could see a worm, a jelly and an endoplasm.

Vanquished Creatures
  A scorpion (D:4)
  3 adders
  A worm (D:2)
  2 dart slugs (D:2)
  5 ball pythons
  7 endoplasms
  3 giant cockroaches
  6 goblins
  6 hobgoblins
  4 jackals (D:4)
  2 bats
  7 frilled lizards
  4 kobolds
  7 rats
58 creatures vanquished.

Vanquished Creatures (collateral kills)
  2 gnolls (D:3)
  A quokka (D:3)
  A frilled lizard (D:3)
4 creatures vanquished.

Grand Total: 62 creatures vanquished

Notes
Turn   | Place    | Note
-------+----------+-------------------------------------------
     0 | D:5      | flotson the Gargoyle Delver began the quest for the Orb.
     0 | D:5      | Reached XP level 1. HP: 14/14 MP: 1/1
     7 | D:5      | Noticed Eustachio
    13 | D:4      | Noticed a jelly
    81 | D:4      | Found a staircase to the Ecumenical Temple.
    87 | Temple   | Entered the Ecumenical Temple
   185 | D:4      | Found Ykorchoe's Assorted Antiques.
   227 | D:4      | Noticed a scorpion
   230 | D:4      | Found a burning altar of Makhleb.
   321 | Temple   | Became a worshipper of Gozag Ym Sagoz the Greedy
   512 | D:3      | Found a bloodstained altar of Trog.
   522 | D:3      | Found a sacrificial altar of Ru.
   548 | D:3      | Reached XP level 2. HP: 16/19 MP: 2/2
   603 | D:3      | Reached skill level 1 in Armour
   689 | D:3      | Reached XP level 3. HP: 23/23 MP: 3/3
   798 | D:3      | Found a hide-covered altar of Uskayaw.
  1642 | D:1      | Found a faded altar of an unknown god.
  2288 | D:1      | Found Miogruma's Distillery.
  2297 | D:1      | Bought a potion of heal wounds for 60 gold pieces
  2297 | D:1      | Bought a potion of curing for 36 gold pieces
  2430 | D:2      | You fall into a shaft and drop 2 floors!
  2487 | D:2      | Reached XP level 4. HP: 20/29 MP: 4/4
  3256 | D:2      | Found Sewkuvups's Weapon Shoppe.
  3278 | D:2      | Bought 11 bolts for 26 gold pieces
  3278 | D:2      | Bought 18 poisoned darts for 86 gold pieces
  3915 | D:4      | Found an ancient bone altar of Kikubaaqudgha.
  3984 | D:4      | Noticed a scorpion
  4051 | D:4      | Killed a scorpion
  4052 | D:4      | Reached skill level 1 in Crossbows
  4052 | D:4      | Reached skill level 1 in Throwing
  4052 | D:4      | Reached XP level 5. HP: 29/33 MP: 5/5
  4120 | D:4      | Found an iron altar of Okawaru.
  4278 | D:4      | Slain by a worm

Illustrated notes

Levels and vault maps discovered:
D:1:      elethiomel_arrival_maze, layout_basic, serial_shops,
          nicolae_shop_stone, ebering_ecumenical_altar_box, minmay_lizard_pond
D:2:      layout_loops_ring, serial_shops, nicolae_shop_waterfront,
          grunt_decor_junction, minmay_misc_feat_plants
D:3:      layout_rooms, minitemple, mainiacjoe_overflow_cross_hatched
D:4:      layout_loops_ring, amcnicky_altar_gilded,
          mainiacjoe_overflow_catch_the_wave, minmay_temple_entry_arrows,
          serial_shops, nicolae_shop_statue_plus, minmay_hedge_maze,
          grunt_decor_mini_mirrors
D:5:      layout_cave_pods, nicolae_tso_swordbearing_angel, uniq_ijyb,
          uniq_grinder, uniq_eustachio, uniq_edmund
Temple:   zaba_magenta_temple

Skill      XL: |  1  2  3  4 |
---------------+-------------+-----
Axes           | 2 |  2.6
Armour         | 1 2 |  2.1
Dodging        | 2 |  2.3
Fighting       | 4 |  4.1
Crossbows      | 1 |  1.1
Throwing       | 1 |  1.1
Stealth        | |  5.4
Evocations     | |  0.9

Action                   |  1- 3 |  4- 6 || total
-------------------------+-------+-------++-------
Melee: Hand axe          |   108 |    44 ||   152
       Dagger            |       |    46 ||    46
Throw: Dart              |       |     5 ||     5
 Stab: Sleeping          |     8 |     5 ||    13
Armor: Leather armour    |    36 |       ||    36
       Scale mail        |     6 |    36 ||    42
Dodge: Dodged            |    59 |    45 ||   104

Table legend: (Time is in decaauts)
 A = Elapsed time spent in this place.
 B = Non-inter-level travel time spent in this place.
 C = Inter-level travel time spent in this place.
 D = Time resting spent in this place.
 E = Time spent auto-exploring this place.
 F = Levels seen in this place.
 G = Mean time per level.
                   A        B        C        D        E       F      G
               +--------+--------+--------+--------+--------+-----+--------+
         Total |   4310 |   4138 |    172 |    157 |   3175 |   6 |  718.3 |
       Dungeon |   4212 |   4072 |    140 |    157 |   3130 |   5 |  842.4 |
        Temple |     97 |     66 |     31 |      0 |     45 |   1 |   97.0 |
               +--------+--------+--------+--------+--------+-----+--------+

Top non-repeatable levels by time:
     D:1: 1459 daAuts
     D:2: 1047 daAuts
     D:3: 889 daAuts
     D:4: 803 daAuts
  Temple: 97 daAuts
     D:5: 13 daAuts
